 Dungeon Crawl Stone Soup version 0.25.0-10-g039870ee82 (webtiles) character file.

Game seed: 4356904177640658352

770 Krehm the Sneak (level 7, -6/63 HPs)
             Began as a Naga Enchanter on June 23, 2020.
             Mangled by a gnoll
             ... wielding a +0 halberd
              (13 damage)
             ... on level 4 of the Dungeon.
             The game lasted 00:23:18 (5775 turns).

Krehm the Sneak (Naga Enchanter)                    Turns: 5775, Time: 00:23:18

Health: -6/63      AC:  3    Str: 11    XL:     7   Next: 82%
Magic:  10/13      EV: 10    Int: 17    God:
Gold:   222        SH:  0    Dex: 11    Spells: 5/14 levels left

rFire    . . .     SeeInvis +   a - +2 dagger (venom)
rCold    . . .     Gourm    .   (no shield)
rNeg     . . .     Faith    .   b - +0 robe
rPois    +         Spirit   .   (no helmet)
rElec    .         Reflect  .   (no cloak)
rCorr    .         Harm     .   (no gloves)
MR       .....                  (no barding)
Stlth    +++.......             (no amulet)
HPRegen  0.20/turn              (no ring)
MPRegen  0.13/turn              (no ring)

@: mighty, very slow
A: large, see invisible, deformed body, poison resistance, slowness 2, slow
metabolism 1, spit poison 1, AC +2
a: Spit Poison


You were on level 4 of the Dungeon.
You were not hungry.

You visited 1 branch of the dungeon, and saw 6 of its levels.

You collected 222 gold pieces.

Inventory:

Hand Weapons
 a - a +2 dagger of venom (weapon)
Missiles
 g - 2 datura-tipped darts (quivered)
 m - 18 poisoned darts
 n - a throwing net
Armour
 b - a +0 robe (worn)
 f - a +1 scale mail of fire resistance
Jewellery
 k - a +4 ring of protection {unknown}
 u - a cursed ring of resist corrosion {unknown}
Wands
 h - a wand of digging (2)
Scrolls
 r - a scroll of enchant armour {unknown}
 v - a scroll of fear {unknown}
 x - a scroll of teleportation {unknown}
Potions
 e - a potion of heal wounds {unknown}
 i - 2 potions of magic {unknown}
 j - a potion of curing
 l - a potion of berserk rage {unknown}
 o - a potion of cancellation {unknown}
 p - a potion of degeneration {unknown}
 q - a potion of experience {unknown}
 s - a potion of lignification {unknown}
 t - a potion of stabbing {unknown}
 w - a potion of brilliance {unknown}
Comestibles
 d - 8 rations
 z - 2 chunks of flesh


   Skills:
 * Level 3.9 Fighting
 - Level 1.0 Short Blades
 - Level 1.5 Dodging
 - Level 7.0 Stealth
 + Level 4.3 Spellcasting
 + Level 5.1 Hexes
 - Level 2.0 Ice Magic


You had 5 spell levels left.
You knew the following spells:

 Your Spells              Type           Power        Failure   Level  Hunger
a - Corona                Hex            ###....      1%          1    None
b - Ensorcelled Hibernat  Hex/Ice        ###...       5%          2    ##.....
c - Confusing Touch       Hex            ###.....     5%          3    ###....
d - Tukima's Dance        Hex            ###.....     5%          3    ###....

Your spell library contained the following spells:

 Spells                   Type           Power        Failure   Level  Hunger
 Dazzling Flash           Conj/Hex       ##....       16%         3    ###....


Dungeon Overview and Level Annotations

Branches:
Dungeon (6/15)
 Temple: D:4-7

Altars:
Dithmenos
Makhleb


Innate Abilities, Weirdness & Mutations

You cannot wear boots.
Your serpentine skin is tough. (AC +2)
You have supernaturally acute eyesight. (SInv)
Armour fits poorly on your strangely shaped body.
Your system is resistant to poisons. (rPois)
You cover ground very slowly.
You have a slow metabolism.
You can spit poison.


Message History

Your hands begin to glow red.
The gnoll hits you from afar with a +0 halberd!
The gnoll shaman barely misses you.
You hit the gnoll shaman but do no damage.
The gnoll shaman appears confused.
The gnoll barely misses you.
The gnoll shaman hits you with a +0 whip!
You feel very mighty all of a sudden. The gnoll barely misses you.
The gnoll hits you with a +0 flail. The gnoll hits you with a +0 halberd!
* * * LOW HITPOINT WARNING * * *
The gnoll shaman barely misses you.
You feel better. The gnoll hits you with a +0 flail.
* * * LOW HITPOINT WARNING * * *
The gnoll shaman barely misses you. The gnoll hits you with a +0 halberd!
* * * LOW HITPOINT WARNING * * *
Okay, then.
You hit the gnoll shaman.
The gnoll shaman is poisoned.
The gnoll shaman is lightly wounded.
The gnoll closely misses you. The gnoll hits you with a +0 halberd!
You die...

#.#####.# #.
#.......########.
#...#####........
###.# #.######. .#
#.# #. ###.### #.#
#. #..... #.# #.
####.#.#.###.# #.
#..@gg.......# #.
#.##g#.#.###.######.
#.##..... #.##.....
#.####.### #.##.###.
#.# #.#####........
#.# #........[...##
#.# #######.##...#
#.# #.##.###
#.##########.##.#


You could see a gnoll shaman (confused, very poisoned) and 2 gnolls.

Vanquished Creatures
  A phantom (D:6)
  2 bullfrogs (D:6)
  2 scorpions
  2 howler monkeys
  2 crimson imps
  3 hounds
  An orc priest (D:3)
  2 worker ants
  A gnoll (D:4)
  2 adders (D:3)
  3 worms
  2 dart slugs
  2 leopard geckos
  14 orcs
  9 bats
  2 giant cockroaches (D:4)
  10 goblins
  9 hobgoblins
  7 jackals
  A ball python (D:1)
  5 frilled lizards
  13 kobolds
  A leopard gecko skeleton (D:5)
  2 quokka skeletons (D:4)
  6 rats
104 creatures vanquished.

Notes
Turn   | Place    | Note
-------+----------+-------------------------------------------
     0 | D:1      | Krehm the Naga Enchanter began the quest for the Orb.
     0 | D:1      | Reached XP level 1. HP: 15/15 MP: 3/3
   416 | D:1      | Reached XP level 2. HP: 21/24 MP: 3/5
   420 | D:1      | Learned a level 2 spell: Ensorcelled Hibernation
   694 | D:1      | Reached skill level 1 in Fighting
  1141 | D:1      | Reached XP level 3. HP: 31/31 MP: 6/6
  1650 | D:2      | Found a shadowy altar of Dithmenos.
  1988 | D:2      | Reached skill level 1 in Ice Magic
  2131 | D:2      | Found a burning altar of Makhleb.
  2137 | D:2      | Reached skill level 5 in Stealth
  2137 | D:2      | Reached XP level 4. HP: 38/38 MP: 1/8
  2373 | D:3      | Reached XP level 5. HP: 44/44 MP: 9/9
  3436 | D:3      | Found a faded altar of an unknown god.
  3664 | D:3      | Reached skill level 6 in Stealth
  3888 | D:4      | Reached XP level 6. HP: 40/51 MP: 5/11
  4043 | D:3      | Learned a level 3 spell: Confusing Touch
  4047 | D:3      | Learned a level 3 spell: Tukima's Dance
  4291 | D:4      | You fall into a shaft and drop 2 floors!
  4352 | D:6      | Reached XP level 7. HP: 16/60 MP: 2/12
  4593 | D:6      | Reached skill level 7 in Stealth
  4922 | D:6      | Reached skill level 5 in Hexes
  5139 | D:5      | Entered Level 5 of the Dungeon
  5775 | D:4      | Mangled by a gnoll

Illustrated notes

Levels and vault maps discovered:
D:1:      shiori_arrival_elements, layout_loops_ring,
          chequers_serial_rivers_micro_d
D:2:      layout_loops_ring, makhleb_heckhound_becter,
          grunt_dithmenos_smoke_and_mirrors
D:3:      layout_loops_ring, chequers_ecumenical_altar_twisty, minmay_circle_x
D:4:      layout_loops_ring, first_ration
D:5:      layout_loops_ring, gammafunk_temple_overflow_statue,
          minmay_temple_entry_gardened_gates, uniq_pikel, uniq_blork_the_orc
D:6:      layout_loops_ring

Skill      XL: |  1  2  3  4  5  6  7 |
---------------+----------------------+-----
Fighting       | 1 2 3 |  3.9
Ice Magic      | 1 2 |  2.0
Stealth        | 5 6 7 |  7.0
Spellcasting   | 3 4 |  4.3
Hexes          | 4 5 |  5.1
Short Blades   | |  1.0
Dodging        | |  1.5

Action                   |  1- 3 |  4- 6 |  7- 9 || total
-------------------------+-------+-------+-------++-------
Melee: Dagger            |   114 |   141 |    63 ||   318
 Cast: Corona            |    17 |     6 |     2 ||    25
       Ensorcelled Hiber |     2 |     6 |       ||     8
       Confusing Touch   |       |     6 |     8 ||    14
  Use: Potion            |     1 |       |     4 ||     5
       Scroll            |       |     3 |       ||     3
 Stab: Sleeping          |     8 |    10 |     6 ||    24
       Confused          |       |     3 |     3 ||     6
  Eat: Chunk             |     3 |     6 |     5 ||    14
Armor: Robe              |    22 |    34 |    13 ||    69
Dodge: Dodged            |    56 |    70 |    30 ||   156
